 Dungeon Crawl Stone Soup version 0.28-a0-313-gbc0475efdd (webtiles) character file.

Game seed: 11531940881594925689

2515 Spaninq the Grappler (level 9, -3/89 HPs)
             Began as a Troll Cinder Acolyte on Aug 31, 2021.
             Was a High Priest of Ignis.
             Slain by a yak (12 damage)
             ... on level 7 of the Dungeon.
             The game lasted 00:14:26 (5474 turns).

Spaninq the Grappler (Troll Cinder Acolyte)         Turns: 5474, Time: 00:14:27

Health: -3/89      AC:  5    Str: 27    XL:     9   Next: 29%
Magic:  9/9        EV:  9    Int:  9    God:    Ignis [*****.]
Gold:   305        SH:  0    Dex:  6    Spells: 9/10 levels left

rFire   + + .      SeeInvis .     - Unarmed
rCold   . . .      Faith    .   (no shield)
rNeg    . . .      Spirit   .   a - +1 robe
rPois   .          Reflect  .   (helmet restricted)
rElec   .          Harm     .   (no cloak)
rCorr   .          Rampage  .   (gloves unavailable)
Will    .....                   (boots unavailable)
Stlth   +.........              (no amulet)
HPRegen 1.24/turn               n - ring of protection from fire
MPRegen 0.11/turn               (no ring)

@: no status effects
A: large, unfitting armour, claws 3, regeneration 1, shaggy fur 1, tough skin 1
a: Renounce Religion, Sea of Fire, Foxfire Swarm, Rising Flame


You were on level 7 of the Dungeon.
You worshipped Ignis.
Ignis was extremely pleased with you.
You visited 2 branches of the dungeon, and saw 8 of its levels.
You also visited: Sewer and Ossuary.

You collected 305 gold pieces.

Inventory:

Hand Weapons
 l - a +0 hand axe
Missiles
 f - 11 boomerangs
 m - 4 silver javelins
 r - 2 poisoned darts
Armour
 a - a +1 robe (worn)
Jewellery
 h - a ring of ice
 n - a ring of protection from fire (left claw)
 t - a ring of flight
Wands
 d - a wand of polymorph (7)
Scrolls
 g - 5 scrolls of teleportation
 q - a scroll of fear
 u - 3 scrolls of enchant armour
 y - a scroll of identify
 z - a scroll of enchant weapon
Potions
 b - 2 potions of haste {unknown}
 c - 5 potions of invisibility {unknown}
 e - 2 potions of curing
 i - a potion of resistance {unknown}
 j - 6 potions of heal wounds
 k - a potion of degeneration {unknown}
 o - 2 potions of berserk rage {unknown}
 p - a potion of might {unknown}
 s - 2 potions of flight
 v - a potion of lignification {unknown}
 w - 2 potions of mutation {unknown}
 x - a potion of brilliance {unknown}


   Skills:
 + Level 5.8 Fighting
 + Level 4.9 Throwing
 - Level 2.0 Dodging
 * Level 9.5 Unarmed Combat
 - Level 1.0 Spellcasting
 - Level 0.6 Fire Magic


You had 9 spell levels left.
You knew the following spells:

 Your Spells              Type           Power      Damage    Failure   Level
a - Apportation           Tloc           0%         N/A       36%         1

Your spell library contained the following spells:

 Spells                   Type           Power      Damage    Failure   Level
 Foxfire                  Conj/Fire      0%         2x1d4     32%         1
 Animate Skeleton         Necr           0%         N/A       36%         1
 Corona                   Hex            0%         N/A       36%         1
 Magic Dart               Conj           0%         1d3       36%         1
 Summon Small Mammal      Summ           0%         N/A       36%         1
 Call Imp                 Summ           0%         N/A       50%         2
 Ensorcelled Hibernation  Hex/Ice        0%         N/A       50%         2
 Mephitic Cloud           Conj/Pois/Air  0%         N/A       73%         3
 Tukima's Dance           Hex            0%         N/A       73%         3


Dungeon Overview and Level Annotations

Branches:
Dungeon (7/15)             Temple (1/1) D:5           Sewer (visited)
Ossuary (visited)

Altars:
Ashenzari
Cheibriados
Dithmenos
Elyvilon
Fedhas
Gozag
Hepliaklqana
Kikubaaqudgha
Nemelex Xobeh
Okawaru
Qazlal
Ru
Sif Muna
Trog
Uskayaw
Vehumet
Wu Jian
Xom
Yredelemnul
Zin
The Shining One

Shops:
D:3 ?


Innate Abilities, Weirdness & Mutations

You are too large for most types of armour.
You have claws for hands.
Your natural rate of healing is unusually fast.
You are covered in fur. (AC +1)
You have tough skin. (AC +1)


Message History

You barely miss the yak.
The yak is severely wounded.
The yak barely misses you.
You closely miss the yak.
The yak is severely wounded.
The yak gores you.
You scratch the yak.
The yak is almost dead.
The yak gores you!
You claw the yak!
You kill the yak!
You claw the yak!
The yak is moderately wounded.
The yak gores you but does no damage.
You scratch the yak but do no damage.
The yak is moderately wounded.
The yak gores you but does no damage.
You scratch the yak but do no damage.
The yak is moderately wounded.
The yak gores you but does no damage.
You scratch the yak but do no damage. You claw the yak.
The yak is moderately wounded.
You mangle the yak!!
You kill the yak!
You barely miss the yak. The yak gores you!
* * * LOW HITPOINT WARNING * * *
You mangle the yak!!
The yak is heavily wounded.
The yak gores you!
* * * LOW HITPOINT WARNING * * *
You claw the yak!
The yak is almost dead.
You scratch the yak but do no damage.
The yak is almost dead.
The yak gores you!
* * * LOW HITPOINT WARNING * * *
You completely miss the yak.
The yak is almost dead.
The yak gores you!
You die...

....# ...# ##############..#
....#...........##
....#............#
....#..........#.##
....#..........#..#
....#..........##.##########
...............Y@...........
....#..........###.##.......
##################..#.......
.............>...
####.###......... ..
##.###+### ... #..#.... ..
##.#..# . #.#..#


You could see a yak.

Vanquished Creatures
  4 yaks (D:7)
  2 water moccasins (D:6)
  An ice beast (D:5)
  2 necrophages
  2 ogres
  A phantom (D:3)
  A kobold brigand (Sewer)
  An elf zombie (Ossuary)
  A scorpion (D:6)
  A wyvern zombie (D:5)
  A centaur zombie (D:5)
  A bullfrog zombie (D:5)
  3 hounds (D:5)
  2 orc priests
  A scorpion zombie (D:5)
  3 human zombies (Ossuary)
  A jelly (D:6)
  A centaur skeleton (D:6)
  Jessica (D:2)
  Ijyb (D:4)
  Natasha (thrice) (D:2)
  5 iguanas
  4 orc wizards
  A killer bee zombie (D:4)
  2 mummies (Ossuary)
  A gnoll (D:4)
  3 adders
  A river rat (Sewer)
  3 adder zombies (Ossuary)
  An adder skeleton (D:4)
  7 worms
  4 dart slugs
  5 orcs
  5 bats
  6 endoplasms
  A giant cockroach (D:2)
  3 goblins
  7 hobgoblins
  A jackal (Sewer)
  8 quokkas
  7 ball pythons
  A frilled lizard (D:3)
  2 goblin zombies
  5 hobgoblin zombies (Ossuary)
  9 kobolds
  12 kobold zombies (Ossuary)
  9 orc zombies (Ossuary)
  A quokka zombie (D:6)
  11 rats
  3 rat zombies (Ossuary)
162 creatures vanquished.

Notes
Turn   | Place    | Note
-------+----------+-------------------------------------------
     0 | D:1      | Spaninq the Troll Cinder Acolyte began the quest for the
                  | Orb.
     0 | D:1      | Reached XP level 1. HP: 22/22 MP: 1/1
   318 | D:1      | Reached XP level 2. HP: 29/29 MP: 2/2
   874 | D:2      | Reached XP level 3. HP: 31/36 MP: 3/3
   900 | D:2      | Noticed Natasha
   904 | D:2      | Killed Natasha
   905 | D:2      | Reached skill level 1 in Dodging
   905 | D:2      | Reached skill level 4 in Unarmed Combat
  1046 | D:2      | Reached XP level 4. HP: 44/44 MP: 4/4
  1173 | D:2      | Found a faded altar of an unknown god.
  1181 | D:2      | Noticed Natasha
  1191 | D:2      | Killed Natasha
  1207 | D:2      | Noticed Jessica
  1218 | D:2      | Killed Jessica
  1479 | D:2      | Noticed Natasha
  1483 | D:2      | Killed Natasha
  1484 | D:2      | Reached XP level 5. HP: 53/53 MP: 5/5
  1787 | D:3      | Found Qytaxton's Magic Scroll Shoppe.
  1796 | D:3      | Reached skill level 5 in Unarmed Combat
  1886 | D:3      | Reached XP level 6. HP: 61/61 MP: 6/6
  2056 | D:3      | Reached skill level 1 in Throwing
  2274 | D:4      | Noticed Ijyb
  2395 | D:4      | Reached skill level 6 in Unarmed Combat
  2414 | D:4      | Killed Ijyb
  2415 | D:4      | Reached XP level 7. HP: 68/68 MP: 7/7
  2601 | D:4      | Found a glowing drain.
  2628 | Sewer    | Entered a sewer
  2744 | Sewer    | Found a white marble altar of Elyvilon.
  3160 | D:5      | Entered Level 5 of the Dungeon
  3264 | D:5      | Found a staircase to the Ecumenical Temple.
  3290 | Temple   | Entered the Ecumenical Temple
  3423 | D:5      | Reached skill level 7 in Unarmed Combat
  3500 | D:5      | Reached XP level 8. HP: 74/79 MP: 8/8
  4228 | D:6      | Reached skill level 5 in Fighting
  4228 | D:6      | Reached skill level 8 in Unarmed Combat
  4235 | D:6      | Found a sand-covered staircase.
  4249 | Ossuary  | Entered an ossuary
  5394 | D:7      | Learned a level 1 spell: Apportation
  5447 | D:7      | Reached skill level 9 in Unarmed Combat
  5447 | D:7      | Reached XP level 9. HP: 61/88 MP: 9/9
  5474 | D:7      | Slain by a yak

Illustrated notes

Levels and vault maps discovered:
D:1:      mrwooster_arrival_statue_2, layout_loops_corners
D:2:      minmay_general_purpose_star, layout_loops_ring,
          ebering_ecumenical_altar_hall, uniq_natasha, uniq_jessica
D:3:      layout_rooms, serial_shops, shop
D:4:      layout_rooms, cheibrodos_sewer_entry_bend, corner_web_ring,
          grunt_tough_drop, uniq_ijyb
D:5:      layout_cave_pods, minmay_temple_entry_arrows, minivault_26
D:6:      layout_basic, enter_ossuary_4
D:7:      layout_basic, minivault_1, amcnicky_mini_pool_small
Temple:   dpeg_three_leaves_temple

Skill      XL: |  1  2  3  4  5  6  7  8 |
---------------+-------------------------+-----
Dodging        | 1 2 |  2.0
Unarmed Combat | 4 5 6 7 9 |  9.5
Fighting       | 3 4 5 |  5.8
Throwing       | 1 3 4 |  4.9
Spellcasting   | |  1.0
Fire Magic     | |  0.6

Action                   |  1- 3 |  4- 6 |  7- 9 || total
-------------------------+-------+-------+-------++-------
Melee: Unarmed           |    73 |   140 |   306 ||   519
       Punch             |       |     1 |    10 ||    11
  Use: Scroll            |       |     7 |     4 ||    11
       Potion            |       |       |     1 ||     1
Armor: Robe              |    21 |    39 |    70 ||   130
       Skin              |       |     1 |       ||     1
Dodge: Dodged            |    34 |    56 |    82 ||   172

Table legend: (Time is in decaauts)
 A = Elapsed time spent in this place.
 B = Non-inter-level travel time spent in this place.
 C = Inter-level travel time spent in this place.
 D = Time resting spent in this place.
 E = Time spent auto-exploring this place.
 F = Levels seen in this place.
 G = Mean time per level.
                   A        B        C        D        E       F      G
               +--------+--------+--------+--------+--------+-----+--------+
         Total |   5451 |   5262 |    189 |    280 |   3312 |  10 |  545.1 |
       Dungeon |   4815 |   4640 |    175 |    235 |   3048 |   7 |  687.9 |
        Temple |     79 |     65 |     14 |      0 |     55 |   1 |   79.0 |
         Sewer |    202 |    202 |      0 |      0 |    116 |   1 |  202.0 |
       Ossuary |    353 |    353 |      0 |     45 |     93 |   1 |  353.0 |
               +--------+--------+--------+--------+--------+-----+--------+

Top non-repeatable levels by time:
     D:2: 932 daAuts
     D:6: 878 daAuts
     D:5: 823 daAuts
     D:1: 822 daAuts
     D:4: 717 daAuts
     D:3: 522 daAuts
 Ossuary: 353 daAuts
   Sewer: 202 daAuts
     D:7: 119 daAuts
  Temple: 79 daAuts
